 Dungeon Crawl Stone Soup version 0.21.1-1-g345015f (webtiles) character file.

7091 MarcusAseth the Archer (level 11, -1/86 HPs)
             Began as a Human Arcane Marksman on June 2, 2018.
             Was an Elder of Nemelex Xobeh.
             Slain by a spiny frog (16 damage)
             ... on level 1 of the Lair of Beasts.
             The game lasted 00:53:51 (10970 turns).

MarcusAseth the Archer (Human Arcane Marksman)     Turns: 10970, Time: 00:53:56

Health: -1/86      AC: 14    Str: 10    XL:     11   Next: 30%
Magic:  18/18      EV:  9    Int: 14    God:    Nemelex Xobeh [****..]
Gold:   725        SH:  0    Dex: 21    Spells: 11/20 levels left

rFire    x . .     SeeInvis .   T - +0 demon blade
rCold    + + .     Gourm    .   (no shield)
rNeg     . . .     Faith    .   g - +0 ice dragon scales
rPois    .         Spirit   .   O - +0 helmet
rElec    .         Reflect  .   m - +0 cloak
rCorr    .         Harm     .   (no gloves)
MR       .....                  (no boots)
Stlth    ++........             (no amulet)
HPRegen  0.24/turn              w - +4 ring of dexterity
MPRegen  0.16/turn              G - ring of wizardry

@: lethally poisoned (-1 -> -40)
A: no striking features
a: Triple Draw, Deal Four, Renounce Religion


You were on level 1 of the Lair of Beasts.
You worshipped Nemelex Xobeh.
Nemelex Xobeh was greatly pleased with you.
You were not hungry.

You visited 2 branches of the dungeon, and saw 9 of its levels.

You collected 725 gold pieces.

Inventory:

Hand Weapons
 a - a +1 shortbow
 f - a +2 flail of venom
 z - a +1 long sword of holy wrath
 T - a +0 demon blade (weapon)
Missiles
 d - 81 arrows
 x - 4 javelins of returning (quivered)
Armour
 g - +0 ice dragon scales (worn)
 i - a +2 robe of cold resistance
 m - a +0 cloak (worn)
 K - a +0 pair of gloves
 O - a +0 helmet (worn)
Jewellery
 j - an uncursed ring of protection from fire
 k - an uncursed ring of poison resistance
 n - an uncursed ring of protection from cold
 w - a +4 ring of dexterity (left hand)
 G - a ring of wizardry (right hand)
Wands
 q - a wand of polymorph (2)
 v - a wand of enslavement (24)
 C - a wand of random effects (27)
 H - a wand of paralysis (7)
 P - a wand of flame (15)
Scrolls
 b - a scroll of fear
 h - 8 scrolls of identify
 p - 4 scrolls of amnesia
 t - 3 scrolls of fog
 u - 5 scrolls of teleportation
 F - a scroll of immolation {unknown}
 I - 3 scrolls of remove curse
Potions
 l - a potion of lignification
 o - a potion of brilliance
 r - 2 potions of heal wounds
 A - a potion of magic
 B - 3 potions of curing {unknown}
 D - a potion of berserk rage {unknown}
 E - a potion of mutation {unknown}
 J - 2 potions of might
 N - a potion of resistance {unknown}
 R - 5 potions of degeneration {unknown}
Books
 c - a book of Debilitation

   Spells                             Type                      Level
   a - Corona                         Hexes                        1
   b - Slow                           Hexes                        2
   c - Inner Flame                    Hexes/Fire                   3
   d - Portal Projectile              Hexes/Translocation          3
   e - Cause Fear                     Hexes                        4
   f - Leda's Liquefaction            Hexes/Earth                  4
 y - a book of Maledictions

   Spells                             Type                      Level
   a - Corona                         Hexes                        1
   b - Ensorcelled Hibernation        Hexes/Ice                    2
   c - Confuse                        Hexes                        3
   d - Tukima's Dance                 Hexes                        3
   e - Dazzling Spray                 Conjuration/Hexes            3
 L - a book of Battle

   Spells                             Type                      Level
   a - Infusion                       Charms                       1
   b - Shroud of Golubria             Charms/Translocation         2
   c - Song of Slaying                Charms                       2
   d - Spectral Weapon                Hexes/Charms                 3
   e - Regeneration                   Charms/Necromancy            3
Miscellaneous
 e - a legendary deck of escape
 M - an ornate deck of summoning {drawn: 6}
 Q - a legendary deck of summoning
 S - a plain deck of destruction {drawn: 2}
Comestibles
 s - 18 rations


   Skills:
 * Level 7.9 Fighting
 * Level 8.0 Bows
 * Level 7.7 Armour
 - Level 2.0 Dodging
 + Level 5.9 Stealth
 + Level 5.0 Spellcasting
 + Level 6.3 Hexes
 - Level 2.0 Translocations


You had 11 spell levels left.
You knew the following spells:

 Your Spells              Type           Power        Failure   Level  Hunger
a - Corona                Hex            ###....      3%          1    None
b - Slow                  Hex            ###.....     6%          2    ##.....
c - Portal Projectile     Hex/Tloc       ###...       26%         3    ###....
d - Tukima's Dance        Hex            ###.....     11%         3    ###....


Dungeon Overview and Level Annotations

Branches:
Dungeon (8/15)             Temple (0/1) D:7            Lair (1/6) D:8

Altars:
Hepliaklqana
Makhleb
Nemelex Xobeh
Ru
Vehumet
Wu Jian
Xom

Shops:
D:7 (


Message History

You feel very sick. The spiny frog stings you!
You are more poisoned.
The spiny frog poisons you!
Evoke which item? (* to show all) (? for menu, Esc to quit)
You draw a card...
It is the Dance.
You feel very sick.
The spiny frog stings you but does no damage.
You feel very sick.
* * * LOW HITPOINT WARNING * * *
You feel very sick.
Evoke which item? (* to show all) (? for menu, Esc to quit)
You draw a card...
It is the Elements.
* * * LOW HITPOINT WARNING * * *
You feel very sick. The spiny frog stings you.
* * * LOW HITPOINT WARNING * * *
The spiny frog stings you!
You die...
Your body disappears without a glow.

....#####.............. ###.###
.........................##P#.###
.................................
.................................
.................................
.................................
##.####...................##.##.#
..............%###..#.....#######
.............#(F@.h.#.....##...P#
......#..>.......l..#.....#....##
.... ........#..Y...#......#.....
... .#......#......#.....##...##
... #......#......#.....##.....
#......#......#.....##...#.
#......#+.+#..#......#.####
#....................#######
............................


You could see a spiny frog, a friendly raiju, a friendly basilisk, a friendly
ice beast and a friendly quarterstaff of venom.

Vanquished Creatures
  2 two-headed ogres (D:8)
  4 blink frogs (Lair:1)
  A hippogriff (D:7)
  Grinder (D:4)
  A yak (D:8)
  2 basilisks (D:8)
  Edmund (D:6)
  3 water moccasins
  2 porcupines (Lair:1)
  A black bear (D:7)
  3 ogres
  A tengu (D:6)
  A wolf (D:6)
  2 crocodiles (Lair:1)
  A big kobold (D:8)
  8 bullfrogs
  3 scorpions
  4 wights (D:6)
  2 howler monkeys
  A jelly (D:7)
  6 crimson imps
  2 bullfrog zombies
  A centaur zombie (D:8)
  5 orc priests
  2 hounds
  A bullfrog skeleton (D:8)
  A centaur skeleton (D:5)
  An iguana (D:7)
  9 orc wizards
  2 worker ants
  A worker ant zombie (D:5)
  A howler monkey zombie (D:7)
  8 gnolls
  A howler monkey skeleton (D:7)
  A river rat (D:5)
  11 adders
  3 oozes
  2 adder skeletons
  3 worms
  3 dart slugs
  5 leopard geckos
  18 orcs
  8 bats
  9 giant cockroaches
  4 hobgoblins
  15 jackals
  7 kobolds
  4 quokkas
  5 frilled lizards
  15 goblins
  2 quokka zombies
  2 rats (D:3)
202 creatures vanquished.

Vanquished Creatures (collateral kills)
  A two-headed ogre (D:8)
  An elephant (D:8)
  Sigmund (D:5)
  An orc warrior (D:7)
  An ogre (D:5)
  A big kobold (D:8)
  A bullfrog skeleton (D:5)
  2 orc wizards (D:5)
  An adder (D:5)
  2 leopard geckos
  2 kobolds (D:8)
  A quokka (D:5)
  A leopard gecko skeleton (D:5)
16 creatures vanquished.

Grand Total: 218 creatures vanquished

Notes
Turn   | Place    | Note
-------+----------+-------------------------------------------
     0 | D:1      | MarcusAseth the Human Arcane Marksman began the quest for the Orb.
     0 | D:1      | Reached XP level 1. HP: 15/15 MP: 2/2
   351 | D:1      | Reached XP level 2. HP: 17/21 MP: 3/3
   972 | D:1      | Reached XP level 3. HP: 23/26 MP: 4/4
  1008 | D:1      | Reached skill level 1 in Armour
  1640 | D:2      | Found a hazy altar of Hepliaklqana.
  1688 | D:2      | Found a sparkling altar of Nemelex Xobeh.
  1701 | D:2      | Reached XP level 4. HP: 26/33 MP: 4/6
  1828 | D:2      | Became a worshipper of Nemelex Xobeh the Trickster
  1936 | D:2      | Found a radiant altar of Vehumet.
  1942 | D:2      | Reached skill level 1 in Stealth
  2249 | D:2      | Received a gift from Nemelex Xobeh
  2613 | D:3      | You fall through a shaft for 2 floors!
  2613 | D:5      | Entered Level 5 of the Dungeon
  2633 | D:5      | Noticed Sigmund
  2644 | D:5      | Killed Sigmund
  2644 | D:5      | Reached skill level 3 in Bows
  2644 | D:5      | Reached XP level 5. HP: 39/39 MP: 7/7
  2745 | D:5      | Noticed Ijyb
  2746 | D:5      | Noticed Ijyb
  2746 | D:5      | Ijyb changed into Ijyb the river rat
  2756 | D:5      | Killed Ijyb the river rat
  2756 | D:5      | Reached XP level 6. HP: 44/46 MP: 8/8
  2818 | D:5      | Noticed an ogre
  2820 | D:5      | Killed an ogre
  3169 | D:5      | Reached XP level 7. HP: 27/52 MP: 10/10
  3340 | D:5      | Found an ornate altar of the Wu Jian Council.
  3519 | D:5      | Learned a level 2 spell: Slow
  3523 | D:5      | Learned a level 3 spell: Portal Projectile
  4274 | D:6      | Reached skill level 4 in Bows
  4614 | D:6      | Learned a level 3 spell: Tukima's Dance
  4629 | D:6      | Noticed Blork the orc
  4630 | D:6      | Noticed Blork
  4630 | D:6      | Blork the orc changed into Blork the gnoll
  4676 | D:6      | Killed Blork the gnoll
  4745 | D:6      | Reached * piety under Nemelex Xobeh
  4886 | D:6      | Received a gift from Nemelex Xobeh
  4916 | D:6      | Found a burning altar of Makhleb.
  5008 | D:6      | Noticed Edmund
  5022 | D:6      | Killed Edmund
  5022 | D:6      | Reached XP level 8. HP: 45/60 MP: 11/11
  5132 | D:6      | Reached skill level 1 in Translocations
  5614 | D:6      | Reached ** piety under Nemelex Xobeh
  5693 | D:6      | Reached skill level 5 in Bows
  5884 | D:7      | Found a shimmering altar of Xom.
  5885 | D:7      | Found a shimmering altar of Xom.
  5892 | D:7      | Found Nuisan's Weapon Shoppe.
  6169 | D:4      | Reached XP level 9. HP: 57/67 MP: 13/13
  6578 | D:3      | Found a sacrificial altar of Ru.
  6813 | D:4      | Reached skill level 5 in Fighting
  7006 | D:4      | Found a sacrificial altar of Ru.
  7084 | D:4      | Noticed Grinder
  7112 | D:4      | Killed Grinder
  7112 | D:4      | Reached skill level 5 in Armour
  7500 | D:7      | Found a shimmering altar of Xom.
  7783 | D:8      | Reached skill level 5 in Hexes
  8152 | D:8      | Reached skill level 6 in Bows
  8193 | D:8      | Received a gift from Nemelex Xobeh
  8524 | D:7      | Reached *** piety under Nemelex Xobeh
  8604 | D:7      | Found a staircase to the Ecumenical Temple.
  8666 | D:7      | Noticed a hippogriff
  8673 | D:7      | Killed a hippogriff
  8673 | D:7      | Reached XP level 10. HP: 75/76 MP: 15/15
  8787 | D:8      | Noticed an elephant
  8796 | D:8      | Noticed a two-headed ogre
  8808 | D:8      | Killed an elephant
  8813 | D:8      | Killed a two-headed ogre
  8821 | D:8      | Reached skill level 5 in Stealth
  9038 | D:8      | Found a staircase to the Lair.
  9042 | D:8      | Noticed a two-headed ogre
  9050 | D:8      | Reached skill level 7 in Bows
  9075 | D:8      | Killed a two-headed ogre
  9533 | D:8      | Received a gift from Nemelex Xobeh
  9589 | D:8      | Noticed a two-headed ogre
  9640 | D:8      | Killed a two-headed ogre
  9640 | D:8      | Reached XP level 11. HP: 34/84 MP: 17/17
  9982 | Lair:1   | Entered Level 1 of the Lair of Beasts
 10421 | Lair:1   | Received a gift from Nemelex Xobeh
 10520 | Lair:1   | Reached skill level 8 in Bows
 10651 | Lair:1   | Reached **** piety under Nemelex Xobeh
 10709 | Lair:1   | Reached skill level 5 in Spellcasting
 10970 | Lair:1   | Slain by a spiny frog

Skill      XL: |  1  2  3  4  5  6  7  8  9 10 11 |
---------------+----------------------------------+-----
Armour         | 1 2 3 4 5 7 |  7.7
Fighting       | 2 3 4 6 7 |  7.9
Stealth        | 1 2 3 4 5 |  5.9
Bows           | 3 4 5 6 7 8 |  8.0
Spellcasting   | 2 3 4 5 |  5.0
Hexes          | 4 5 6 |  6.3
Translocations | 1 2 |  2.0
Dodging        | |  2.0

Action                   |  1- 3 |  4- 6 |  7- 9 | 10-12 || total
-------------------------+-------+-------+-------+-------++-------
Melee: Dagger            |   268 |   209 |   201 |       ||   678
       Flail             |       |       |   340 |   177 ||   517
       Demon blade       |       |       |       |     7 ||     7
 Fire: Shortbow          |     1 |     6 |    95 |     1 ||   103
 Cast: Corona            |     6 |       |    22 |       ||    28
       Slow              |       |       |     6 |       ||     6
Evoke: Deck              |       |     3 |     5 |     6 ||    14
       Wand              |       |       |    14 |     4 ||    18
  Use: Scroll            |       |     9 |     4 |       ||    13
       Potion            |       |       |     2 |     1 ||     3
 Stab: Paralysed         |       |       |     6 |    12 ||    18
       Sleeping          |       |       |     2 |       ||     2
       Distracted        |       |       |     1 |       ||     1
  Eat: Ration            |     1 |       |       |       ||     1
       Chunk             |       |     5 |    19 |     8 ||    32
Armor: Ice dragon scales |   183 |   115 |   353 |   106 ||   757
       Robe              |       |       |     5 |       ||     5
       Skin              |       |       |     9 |       ||     9
Dodge: Dodged            |   155 |    76 |   318 |   102 ||   651
